 Dungeon Sprint DCSS version 0.26-a0-651-gb41185065b (webtiles) character file.

Game seed: 6237675865642351892

973 mhtbhm the Spear-Bearer (level 7, -11/111 HPs)
             Began as a Minotaur Monk on Sept 29, 2020.
             Was an Elder of Okawaru.
             Mangled by a 12-headed hydra (13 damage)
             ... in the Dungeon (Sprint IX: "|||||||||||||||||||||||||||||").
             The game lasted 00:01:10 (635 turns).

mhtbhm the Spear-Bearer (Minotaur Monk)              Turns: 635, Time: 00:01:10

Health: -11/111    AC:  7    Str: 20    XL:     7   Next: 94%
Magic:  6/6        EV: 17    Int:  7    God:    Okawaru [****..]
Gold:   36         SH:  0    Dex: 16    Spells: 6/6 levels left

rFire    . . .     SeeInvis .   a - +2 halberd (venom)
rCold    . . .     Faith    .   (shield currently unavailable)
rNeg     . . .     Spirit   .   b - +2 ring mail
rPois    .         Reflect  .   (helmet restricted)
rElec    .         Harm     .   (no cloak)
rCorr    .         Rampage  .   (no gloves)
MR       .....     NoTele   +   (no boots)
Stlth    ..........             (no amulet)
HPRegen  0.28/turn              m - +3 ring of dexterity
MPRegen  0.10/turn              n - +3 ring of strength

@: berserking, very quick
A: retaliatory headbutt, horns 2
a: Heroism, Renounce Religion


You were in the Dungeon.
You worshipped Okawaru.
Okawaru was greatly pleased with you.
You visited 1 branch You collected 36 gold pieces.

Inventory:

Hand Weapons
 a - a +2 halberd of venom (weapon)
Armour
 b - a +2 ring mail (worn)
Jewellery
 m - a +3 ring of dexterity (left hand)
 n - a +3 ring of strength (right hand)
Wands
 l - a wand of acid (8)
Scrolls
 h - 3 scrolls of blinking
 j - 3 scrolls of remove curse
 k - 2 scrolls of amnesia
 p - 2 scrolls of enchant weapon
 q - 2 scrolls of identify
 r - a scroll of fear
Potions
 c - 5 potions of curing
 d - 5 potions of heal wounds
 e - 2 potions of haste
 f - 4 potions of magic
 g - a potion of berserk rage
 i - a potion of invisibility
 o - 2 potions of brilliance


   Skills:
 + Level 11.3 Fighting
 + Level 13.2 Polearms
 + Level 2.0 Armour
 + Level 9.5 Dodging
 + Level 5.1 Stealth
 + Level 0.5 Evocations


You had 6 spell levels left.
You didn't know any spells.
Your spell library was empty.

Dungeon Overview and Level Annotations

Branches:
Dungeon (1/1)

Altars:
Cheibriados
Dithmenos
Elyvilon
Fedhas
Gozag
Hepliaklqana
Kikubaaqudgha
Makhleb
Nemelex Xobeh
Okawaru
Qazlal
Ru
Sif Muna
Trog
Uskayaw
Vehumet
Wu Jian
Xom
Yredelemnul
Zin
The Shining One
Beogh
Jiyva
Lugonu


Innate Abilities, Weirdness & Mutations

You reflexively headbutt those who attack you in melee.
You have a pair of horns on your head.


Message History

The 11-headed hydra completely misses you.
The 11-headed hydra closely misses you. The 11-headed hydra misses you.
The 11-headed hydra bites you. The 11-headed hydra closely misses you.
The 11-headed hydra bites you! The 11-headed hydra misses you.
The 11-headed hydra bites you!
* * * LOW HITPOINT WARNING * * *
The 11-headed hydra bites you!
* * * LOW HITPOINT WARNING * * *
The 11-headed hydra bites you.
* * * LOW HITPOINT WARNING * * *
A komodo dragon comes into view.
You chop one of the 11-headed hydra's heads off!
The ten-headed hydra grows two more!
You slash the 12-headed hydra! You headbutt the 12-headed hydra!
The 12-headed hydra is severely wounded.
The 12-headed hydra closely misses you. The 12-headed hydra bites you!
* * * LOW HITPOINT WARNING * * *
The 12-headed hydra bites you but does no damage.
The 12-headed hydra misses you. The 12-headed hydra bites you!
You die...

▓▓▓▓▓▓▓▓▓▓▓▓▓▓▓▓▓▓▓▓▓▓▓▓
..'.....).......@DYFFFFl
▓▓▓▓▓▓▓▓▓▓▓▓▓▓▓▓▓▓▓▓▓▓▓▓▓▓▓▓▓▓▓▓▓
.................................
▓▓▓▓▓▓▓▓▓▓▓▓▓▓▓▓▓▓▓▓▓▓▓▓▓▓▓▓▓▓▓▓▓
†....'†....'_____________________
▓▓▓▓▓▓▓▓▓▓▓▓▓▓▓▓▓▓▓▓▓▓▓▓▓▓▓▓▓▓▓▓▓


You could see a 12-headed hydra (very poisoned), a komodo dragon, a yak, 2 cane
toads and 2 bullfrogs.

Vanquished Creatures
  A manticore (D)
  A yak (D)
  A wraith (D)
  A crocodile (D)
  2 bullfrogs (D)
  A scorpion (D)
  A worker ant (D)
  An adder (D)
  A shadow imp (D)
  2 leopard geckos (D)
  2 orcs (D)
  A bat skeleton (D)
  A bat zombie (D)
  2 giant cockroaches (D)
  A hobgoblin (D)
  A jackal (D)
  A kobold (D)
  A frilled lizard (D)
  2 rats (D)
24 creatures vanquished.

Notes
Turn   | Place    | Note
-------+----------+-------------------------------------------
     0 | D        | mhtbhm the Minotaur Monk began the quest for the Orb.
     0 | D        | Reached XP level 1. HP: 19/19 MP: 0/0
     6 | D        | Reached skill level 4 in Polearms
    12 | D        | Banished a spatial maelstrom
   106 | D        | Reached skill level 5 in Polearms
   106 | D        | Reached XP level 2. HP: 19/28 MP: 1/1
   108 | D        | Reached skill level 5 in Fighting
   118 | D        | Found a roughly hewn altar of Beogh.
   118 | D        | Found a snail-covered altar of Cheibriados.
   118 | D        | Found a shadowy altar of Dithmenos.
   118 | D        | Found a white marble altar of Elyvilon.
   118 | D        | Found a blossoming altar of Fedhas.
   118 | D        | Found an opulent altar of Gozag.
   119 | D        | Found a hazy altar of Hepliaklqana.
   120 | D        | Found a viscous altar of Jiyva.
   121 | D        | Found an ancient bone altar of Kikubaaqudgha.
   122 | D        | Found a corrupted altar of Lugonu.
   123 | D        | Found a burning altar of Makhleb.
   124 | D        | Found a sparkling altar of Nemelex Xobeh.
   125 | D        | Found an iron altar of Okawaru.
   126 | D        | Found a stormy altar of Qazlal.
   127 | D        | Found a sacrificial altar of Ru.
   128 | D        | Found a shimmering blue altar of Sif Muna.
   129 | D        | Found a bloodstained altar of Trog.
   130 | D        | Found a hide-covered altar of Uskayaw.
   131 | D        | Found a radiant altar of Vehumet.
   132 | D        | Found an ornate altar of the Wu Jian Council.
   133 | D        | Found a shimmering altar of Xom.
   134 | D        | Found a basalt altar of Yredelemnul.
   137 | D        | Became a worshipper of Warmaster Okawaru
   137 | D        | Reached * piety under Okawaru
   137 | D        | Reached ** piety under Okawaru
   140 | D        | Found a glowing silver altar of Zin.
   141 | D        | Found a glowing golden altar of the Shining One.
   246 | D        | Noticed a bullfrog
   253 | D        | Reached skill level 6 in Polearms
   253 | D        | Reached skill level 5 in Dodging
   253 | D        | Reached XP level 3. HP: 37/37 MP: 2/2
   254 | D        | Killed a bullfrog
   254 | D        | Reached skill level 7 in Polearms
   254 | D        | Reached XP level 4. HP: 47/47 MP: 3/3
   272 | D        | Noticed a wraith
   272 | D        | Noticed a manticore
   272 | D        | Noticed a yak
   274 | D        | Killed a wraith
   274 | D        | Reached *** piety under Okawaru
   274 | D        | Reached skill level 9 in Polearms
   274 | D        | Reached XP level 5. HP: 56/56 MP: 4/4
   275 | D        | Reached XP level 6. HP: 33/62 MP: 5/5
   276 | D        | Reached skill level 10 in Polearms
   279 | D        | Killed a manticore
   279 | D        | Reached skill level 10 in Fighting
   279 | D        | Reached skill level 12 in Polearms
   279 | D        | Reached skill level 1 in Armour
   279 | D        | Reached XP level 7. HP: 29/73 MP: 6/6
   283 | D        | Killed a yak
   283 | D        | Reached **** piety under Okawaru
   620 | D        | Noticed a yak
   620 | D        | Noticed a five-headed hydra
   621 | D        | Noticed a cane toad
   622 | D        | Reached skill level 13 in Polearms
   622 | D        | Reached skill level 5 in Stealth
   625 | D        | Noticed a cane toad
   634 | D        | Noticed a komodo dragon
   635 | D        | HP: 2/111 [12-headed hydra (15)]
   635 | D        | Mangled by a 12-headed hydra

Illustrated notes

Levels and vault maps discovered:
D:        linesprint [early_d, line_temple, items_1, d_10, items_2, lair_1,
          lair_end, items_3, orc_1, orc_end, items_4, d_15, swamp_1, shoals_1,
          snake_1, spider_1, d_20, vaults_1, items_5, swamp_end, shoals_end,
          snake_end, spider_end, vaults_end, d_27, items_6, zot_1, zot_end,
          crypt_end, forest_end, elf_end, slime_end, tomb_end, abyss_end,
          pan_hell_end]

Skill      XL: |  1  2  3  4  5  6  7 |
---------------+----------------------+-----
Fighting       | 4 5 7 8 10 11 | 11.3
Polearms       | 5 6 7 9 12 13 | 13.2
Dodging        | 4 5 6 7 9 |  9.5
Stealth        | 2 3 4 5 |  5.1
Armour         | 1 2 |  2.0
Evocations     | |  0.5

Action                   |  1- 3 |  4- 6 |  7- 9 || total
-------------------------+-------+-------+-------++-------
Melee: Spear             |    19 |       |       ||    19
       Headbutt          |     6 |     1 |     5 ||    12
       Halberd           |     8 |     8 |    17 ||    33
Evoke: Wand              |       |     2 |       ||     2
  Use: Potion            |       |       |     1 ||     1
 Stab: Sleeping          |     1 |     1 |       ||     2
Armor: Ring mail         |     3 |     2 |     5 ||    10
       Robe              |     1 |       |       ||     1
Dodge: Dodged            |    13 |     3 |    18 ||    34

Table legend: (Time is in decaauts)
 A = Elapsed time spent in this place.
 B = Non-inter-level travel time spent in this place.
 C = Inter-level travel time spent in this place.
 D = Time resting spent in this place.
 E = Time spent auto-exploring this place.
 F = Levels seen in this place.
 G = Mean time per level.
                   A        B        C        D        E       F      G
               +--------+--------+--------+--------+--------+-----+--------+
         Total |    630 |    630 |      0 |    158 |    296 |   1 |  630.0 |
       Dungeon |    630 |    630 |      0 |    158 |    296 |   1 |  630.0 |
               +--------+--------+--------+--------+--------+-----+--------+

Top non-repeatable levels by time:
       D: 630 daAuts
